 Dungeon Crawl Stone Soup version 0.27-a0-1065-ge809cff (webtiles) character file.

Game seed: 7980801730864267555

5268 GeorgeSoros the Nimble (level 10, 0/79 HPs)
             Began as a Gnoll Gladiator on Apr 22, 2021.
             Was an Elder of Dithmenos.
             Splashed by an orc warrior's acid (16 damage)
             ... on level 8 of the Dungeon.
             The game lasted 00:26:35 (8452 turns).

GeorgeSoros the Nimble (Gnoll Gladiator)            Turns: 8452, Time: 00:26:36

Health: 0/79       AC: 13    Str: 14    XL:     10   Next: 62%
Magic:  18/18      EV: 15    Int: 10    God:    Dithmenos [****..]
Gold:   493        SH: 15    Dex: 24    Spells: 19/19 levels left

rFire    + . .     SeeInvis .   a - +1 long sword (vorpal)
rCold    . . .     Faith    .   o - +5 kite shield "Zeymal" {rF+ Dex+4}
rNeg     . . .     Spirit   .   z - +0 swamp dragon scales
rPois    +         Reflect  .   c - +0 helmet
rElec    .         Harm     .   x - +1 cloak
rCorr    .         Rampage  .   (no gloves)
Will     .....                  v - +0 pair of boots
Stlth    ++++......             (no amulet)
HPRegen  0.23/turn              j - +4 ring of protection
MPRegen  0.16/turn              t - +6 ring of dexterity

@: mighty, corroded, wreathed by umbra
A: fangs 1, strong nose, distributed training
a: Renounce Religion, Shadow Step


You were on level 8 of the Dungeon.
You worshipped Dithmenos.
Dithmenos was greatly pleased with you.
You visited 1 branch of the dungeon, and saw 8 of its levels.
You also visited: Sewer and Ossuary.

You collected 493 gold pieces.

Inventory:

Hand Weapons
 a - a +1 vorpal long sword (weapon)
 k - a +0 double sword
 y - the +9 mace of the Enchanted Forest {vamp, rC+ Will++ rCorr Str-3}
   (You found it on level 5 of the Dungeon)

   It inflicts no extra harm, but heals its wielder when it wounds a living foe.
   It affects your strength (-3).
   It protects you from cold.
   It protects you from acid and corrosion.
   It greatly increases your willpower.
Missiles
 g - 40 poisoned darts
 B - a throwing net (quivered)
Armour
 b - a +0 leather armour
 c - a +0 helmet (worn)
 e - a +0 ring mail
 o - the +5 kite shield "Zeymal" (worn) {rF+ Dex+4}
   (You found it on level 4 of the Dungeon)

   It affects your dexterity (+4).
   It protects you from fire.
 v - a +0 pair of boots (worn)
 w - a +1 leather armour of positive energy
 x - a +1 cloak (worn)
 z - +0 swamp dragon scales (worn)
Jewellery
 j - a +4 ring of protection (left hand)
 m - a ring of magical power
 t - a +6 ring of dexterity (right hand)
Wands
 r - a wand of iceblast (19)
 u - a wand of acid (3)
 A - a wand of digging (3)
 C - a wand of flame (18)
Scrolls
 d - 2 scrolls of brand weapon
 p - 5 scrolls of teleportation
 D - a scroll of torment {unknown}
 E - a scroll of enchant weapon
 F - a scroll of acquirement {unknown}
 G - a scroll of holy word {unknown}
 H - a scroll of noise {unknown}
 I - a scroll of blinking
 K - 5 scrolls of identify
Potions
 f - 7 potions of curing
 h - 6 potions of might
 i - 4 potions of ambrosia
 l - 2 potions of mutation {unknown}
 n - 4 potions of haste {unknown}
 q - 2 potions of lignification {unknown}
 s - 3 potions of flight {unknown}
 J - a potion of cancellation {unknown}


   Skills:
 + Level 7.2 Fighting
 + Level 5.4 Short Blades
 + Level 8.6 Long Blades
 + Level 5.4 Axes
 + Level 5.4 Maces & Flails
 + Level 5.4 Polearms
 + Level 5.4 Staves
 + Level 5.4 Slings
 + Level 5.4 Bows
 + Level 5.4 Crossbows
 + Level 7.2 Throwing
 + Level 5.4 Armour
 + Level 8.6 Dodging
 + Level 5.4 Stealth
 + Level 5.4 Shields
 + Level 5.4 Unarmed Combat
 + Level 5.4 Spellcasting
 + Level 4.5 Conjurations
 + Level 4.5 Hexes
 + Level 4.5 Summonings
 + Level 4.5 Necromancy
 + Level 4.5 Translocations
 + Level 4.5 Transmutations
 + Level 4.5 Fire Magic
 + Level 4.5 Ice Magic
 + Level 4.5 Air Magic
 + Level 4.5 Earth Magic
 + Level 4.5 Poison Magic
 + Level 6.0 Invocations
 + Level 5.4 Evocations


You had 19 spell levels left.
You didn't know any spells.
Your spell library contained the following spells:

 Spells                   Type           Power      Damage    Failure   Level
 Animate Skeleton         Necr           22%        N/A       22%         1
 Beastly Appendage        Tmut           22%        N/A       22%         1
 Corona                   Hex            12%        N/A       22%         1
 Pain                     Necr           44%        1d6       22%         1
 Shock                    Conj/Air       44%        1d5       22%         1
 Sting                    Tmut/Pois      44%        1d5       22%         1
 Ensorcelled Hibernation  Hex/Ice        22%        N/A       34%         2
 Poisonous Vapours        Pois/Air       22%        N/A       34%         2
 Static Discharge         Conj/Air       11%        N/A       34%         2
 Wereblood                Tmut           11%        N/A       34%         2
 Confusing Touch          Hex            11%        N/A       56%         3
 Dazzling Flash           Conj/Hex       22%        N/A       56%         3
 Ignite Poison            Fire/Tmut/Pois 11%        N/A       56%         3
 Mephitic Cloud           Conj/Pois/Air  11%        N/A       56%         3
 Spider Form              Tmut/Pois      5%         N/A       56%         3
 Swiftness                Air            11%        N/A       56%         3
 Tukima's Dance           Hex            11%        N/A       56%         3
 Vampiric Draining        Necr           5%         2d6       56%         3
 Airstrike                Air            5%         N/A       92%         4
 Animate Dead             Necr           5%         N/A       92%         4
 Ice Form                 Ice/Tmut       11%        N/A       92%         4
 Olgreb's Toxic Radiance  Pois           11%        N/A       92%         4
 Agony                    Necr           11%        N/A       99%         5
 Hydra Form               Tmut           5%         N/A       99%         5
 Lightning Bolt           Conj/Air       5%         1d17      99%         5


Dungeon Overview and Level Annotations

Branches:
Dungeon (8/15)             Temple (0/1) D:5           Sewer (visited)
Ossuary (visited)
   Lair: D:8-11

Altars:
Dithmenos
Kikubaaqudgha
Makhleb
Okawaru
Wu Jian
Yredelemnul
Zin

Shops:
D:4 (

Annotations:
D:4 Edmund
D:5 exclusion: oklob sapling
D:7 2 transporters, lunatic's ghost, novice DrTm


Innate Abilities, Weirdness & Mutations

You have very sharp teeth.
Your uncanny sense of smell can sniff out nearby items.
Your experience applies equally to all skills.


Message History

The orc warrior is heavily wounded.
The orc warrior zaps a wand.
The bolt of acid hits you.
You are splashed with acid!
You block the shadow imp's attack. You block the orc warrior's attack.
Unknown command.
You closely miss the orc warrior.
The orc warrior is heavily wounded.
Your shadow barely misses the orc warrior.
The shadow imp gestures at you. Pain shoots through your body!
The orc warrior zaps a wand.
The bolt of acid misses you.
Unknown command.
You closely miss the orc warrior.
You bite the orc warrior, but do no damage.
The orc warrior is heavily wounded.
A bullfrog comes into view.
A necrophage comes into view.
The shadow imp gestures at you. Pain shoots through your body!
* * * LOW HITPOINT WARNING * * *
You block the orc priest's attack. The orc warrior misses you.
You feel very mighty all of a sudden. You block the shadow imp's attack.
You block the orc priest's attack. You block the orc warrior's attack.
You hit the orc priest.
The orc priest is heavily wounded.
Your shadow hits the orc priest with a long sword.
The shadow imp misses you. You block the orc priest's attack.
The orc warrior barely misses you.
You riposte.
You closely miss the orc warrior.
The orc warrior is heavily wounded.
You barely miss the orc priest. Your bite misses the orc priest.
The orc priest is severely wounded.
You block the shadow imp's attack.
The orc priest calls down the wrath of Beogh upon you.
Beogh smites you!
* * * LOW HITPOINT WARNING * * *
The orc warrior zaps a wand.
The bolt of acid hits you but does no damage.
The acid corrodes you!
You are splashed with acid!
You die...

#.♣)♣.# .♣ #..#
#♣.♣.♣# .♣ #..#
#.♣.♣.#♣♣.♣♣ .
#♣.♣(♣#♣...♣ ♣.
#.♣.♣.#♣...♣ ♣.
##♣'♣##♣...♣ .
♣♣.#..>..#♣...♣#...
⌠..'..8..Fo.5.....≈
♣.#..<..#♣@o.♣#...
##♣'♣##♣...♣ ∆
#.....#♣...♣ ∆
#.♣♣♣.#♣...♣ #.♣
♣.#♣♣.♣♣ #.♣♣♣.# .♣
#.....# .♣ #
##♣.♣## ######## #
♣♣♣♣♣♣...♣♣♣♣
#.##.#


You could see an orc warrior, a bullfrog, an orc priest and a shadow imp.

Vanquished Creatures
  Pikel (D:5)
  Maggie (D:6)
  A troll (D:7)
  Prince Ribbit (D:7)
  Grinder (D:6)
  A yak (D:8)
  Eustachio (D:5)
  2 wyverns (D:8)
  A steam dragon (D:8)
  Menkaure (D:6)
  2 water moccasins
  An orc warrior (D:8)
  An ogre (D:6)
  A black bear (D:8)
  A necrophage (D:6)
  3 sky beasts (D:8)
  2 centaurs
  4 lemures
  A phantom (D:6)
  Blork the orc (D:5)
  2 kobold brigands
  A gnoll sergeant (D:7)
  A water moccasin zombie (D:5)
  3 scorpions (D:6)
  A wyvern skeleton (D:7)
  3 killer bees (D:7)
  7 howler monkeys
  6 centaur zombies
  2 bullfrog zombies
  2 hounds
  2 jellies
  Crazy Yiuf (D:5)
  A bullfrog skeleton (D:5)
  3 iguanas
  3 orc wizards (D:8)
  A killer bee zombie (D:8)
  2 ogre zombies (Ossuary)
  A hound skeleton (D:4)
  7 mummies (Ossuary)
  3 howler monkey zombies
  8 gnolls
  A howler monkey skeleton (D:4)
  10 adders
  3 river rats (Sewer)
  2 shadow imps (D:6)
  A worm zombie (D:8)
  2 adder skeletons
  3 adder zombies (Ossuary)
  2 dart slugs
  19 orcs
  11 ball pythons
  3 endoplasms
  6 giant cockroaches
  7 hobgoblins
  11 jackals
  11 kobolds
  A quokka (D:3)
  2 bats
  8 frilled lizards
  7 goblins
  6 goblin zombies (Ossuary)
  3 hobgoblin zombies (Ossuary)
  5 kobold zombies (Ossuary)
  2 orc zombies (Ossuary)
  A quokka zombie (Ossuary)
  5 rats
  5 rat zombies (Ossuary)
225 creatures vanquished.

Vanquished Creatures (others)
  35 plants
35 creatures vanquished.

Grand Total: 260 creatures vanquished

Notes
Turn   | Place    | Note
-------+----------+-------------------------------------------
     0 | D:1      | GeorgeSoros the Gnoll Gladiator began the quest for the
                  | Orb.
     0 | D:1      | Reached XP level 1. HP: 20/20 MP: 1/1
   242 | D:1      | Reached XP level 2. HP: 26/26 MP: 2/2
   576 | D:1      | Reached XP level 3. HP: 27/31 MP: 3/3
   660 | D:1      | Found a burning altar of Makhleb.
   705 | D:2      | Found a shadowy altar of Dithmenos.
   893 | D:2      | Became a worshipper of Dithmenos the Shadowed
  1068 | D:2      | Reached skill level 1 in Invocations
  1263 | D:2      | Reached skill level 1 in Short Blades
  1263 | D:2      | Reached skill level 1 in Axes
  1263 | D:2      | Reached skill level 1 in Maces & Flails
  1263 | D:2      | Reached skill level 1 in Polearms
  1263 | D:2      | Reached skill level 1 in Staves
  1263 | D:2      | Reached skill level 1 in Slings
  1263 | D:2      | Reached skill level 1 in Bows
  1263 | D:2      | Reached skill level 1 in Crossbows
  1263 | D:2      | Reached skill level 1 in Armour
  1263 | D:2      | Reached skill level 1 in Stealth
  1263 | D:2      | Reached skill level 1 in Shields
  1263 | D:2      | Reached skill level 1 in Unarmed Combat
  1263 | D:2      | Reached skill level 1 in Spellcasting
  1263 | D:2      | Reached skill level 1 in Evocations
  1586 | D:3      | Found an ancient bone altar of Kikubaaqudgha.
  1604 | D:3      | Reached XP level 4. HP: 38/38 MP: 5/5
  1790 | D:3      | Reached skill level 1 in Conjurations
  1790 | D:3      | Reached skill level 1 in Hexes
  1790 | D:3      | Reached skill level 1 in Summonings
  1790 | D:3      | Reached skill level 1 in Necromancy
  1790 | D:3      | Reached skill level 1 in Translocations
  1790 | D:3      | Reached skill level 1 in Transmutations
  1790 | D:3      | Reached skill level 1 in Fire Magic
  1790 | D:3      | Reached skill level 1 in Ice Magic
  1790 | D:3      | Reached skill level 1 in Air Magic
  1790 | D:3      | Reached skill level 1 in Earth Magic
  1790 | D:3      | Reached skill level 1 in Poison Magic
  1798 | D:3      | Reached XP level 5. HP: 15/43 MP: 5/7
  2111 | D:3      | Reached * piety under Dithmenos
  2380 | D:4      | Found Gisheffa's Weapon Shop.
  2388 | D:4      | Found a glowing drain.
  2539 | Sewer    | Entered a sewer
  2748 | Sewer    | Reached XP level 6. HP: 35/50 MP: 8/8
  3090 | D:4      | Identified the +5 kite shield "Zeymal" {rF+ Dex+4}
  3460 | D:4      | Reached ** piety under Dithmenos
  3631 | D:5      | Entered Level 5 of the Dungeon
  3632 | D:5      | Noticed Pikel
  3757 | D:5      | Noticed Eustachio
  3804 | D:5      | Noticed Edmund
  3822 | D:5      | Noticed Blork the orc
  3828 | D:5      | Reached skill level 5 in Fighting
  3828 | D:5      | Reached skill level 5 in Throwing
  3843 | D:5      | Found a staircase to the Ecumenical Temple.
  4055 | D:5      | Killed Blork the orc
  4063 | D:5      | Reached XP level 7. HP: 19/56 MP: 10/10
  4695 | D:5      | Killed Pikel
  4696 | D:5      | Reached XP level 8. HP: 20/63 MP: 10/12
  4697 | D:5      | Killed Eustachio
  5016 | D:5      | Found a basalt altar of Yredelemnul.
  5016 | D:5      | Found an iron altar of Okawaru.
  5082 | D:5      | Found a runed translucent door.
  5085 | D:5      | Noticed Crazy Yiuf
  5101 | D:5      | Killed Crazy Yiuf
  5123 | D:5      | Identified the +9 mace of the Enchanted Forest {vamp, rC+
                  | Will++ rCorr Str-3}
  5222 | D:6      | Noticed Menkaure
  5228 | D:6      | Killed Menkaure
  5488 | D:6      | Reached XP level 9. HP: 56/69 MP: 14/14
  5644 | D:6      | Noticed Grinder
  5647 | D:6      | Paralysed by Grinder for 7 turns
  5670 | D:6      | Killed Grinder
  5912 | D:6      | Noticed Maggie
  5921 | D:6      | Killed Maggie
  6184 | D:7      | Reached *** piety under Dithmenos
  6250 | D:7      | Found a transporter.
  6266 | D:7      | Noticed Prince Ribbit
  6276 | D:7      | Reached skill level 5 in Invocations
  6509 | D:7      | Noticed a troll
  6529 | D:7      | Killed a troll
  6704 | D:7      | Found a transporter.
  6706 | D:7      | Noticed a hornet
  6707 | D:7      | Noticed lunatic's ghost (novice DrTm)
  6798 | D:7      | Reached XP level 10. HP: 77/77 MP: 17/17
  6865 | D:7      | Killed Prince Ribbit
  7235 | D:8      | Reached skill level 5 in Short Blades
  7235 | D:8      | Reached skill level 5 in Axes
  7235 | D:8      | Reached skill level 5 in Maces & Flails
  7235 | D:8      | Reached skill level 5 in Polearms
  7235 | D:8      | Reached skill level 5 in Staves
  7235 | D:8      | Reached skill level 5 in Slings
  7235 | D:8      | Reached skill level 5 in Bows
  7235 | D:8      | Reached skill level 5 in Crossbows
  7235 | D:8      | Reached skill level 5 in Armour
  7235 | D:8      | Reached skill level 5 in Stealth
  7235 | D:8      | Reached skill level 5 in Shields
  7235 | D:8      | Reached skill level 5 in Unarmed Combat
  7235 | D:8      | Reached skill level 5 in Spellcasting
  7235 | D:8      | Reached skill level 5 in Evocations
  7319 | D:8      | Found an ornate altar of the Wu Jian Council.
  7384 | D:8      | Found a burning altar of Makhleb.
  7386 | D:8      | Noticed a blizzard demon
  7387 | D:8      | Found a glowing silver altar of Zin.
  7388 | D:8      | Noticed an angel
  7449 | D:8      | Found a sand-covered staircase.
  7458 | Ossuary  | Entered an ossuary
  7593 | Ossuary  | Reached **** piety under Dithmenos
  7947 | D:8      | Found a shadowy altar of Dithmenos.
  8452 | D:8      | Splashed by an orc warrior's acid

Illustrated notes

Levels and vault maps discovered:
D:1:      dpeg_arrival_water_altar, layout_basic
D:2:      layout_basic, basic_altar, lexackson_kobold_supper
D:3:      layout_basic, kiku_gazebo_pond_becter, chequers_mini_garden
D:4:      layout_gridville, gup_sewer_entry_glass, serial_shops, shop
D:5:      layout_rooms, gammafunk_temple_overflow_wave,
          minmay_temple_entry_oklob, uniq_blork_the_orc, uniq_edmund,
          uniq_eustachio, uniq_pikel, uniq_crazy_yiuf_cottage
D:6:      layout_basic, hangedman_decor_lopped, kennysheep_generic_room_10,
          uniq_menkaure, uniq_grinder, uniq_maggie
D:7:      layout_loops_cross, nzn_ghost_randoct, kennysheep_generic_room_9,
          uniq_prince_ribbit1
D:8:      nzn_winding_woodlands_stair_cross [nzn_winding_woodlands_5x15_pool,
          nzn_winding_woodlands_center_garden,
          nzn_winding_woodlands_5x15_default,
          nzn_winding_woodlands_5x5_perimeter,
          nzn_winding_woodlands_5x5_checkerboard,
          nzn_winding_woodlands_5x15_sawtooth,
          nzn_winding_woodlands_center_lodge,
          nzn_winding_woodlands_5x15_sidewinder], layout_loops_ring,
          grunt_temple_overflow_order_and_chaos_2,
          nicolae_dithmenos_shadow_blocks, nzn_wu_jian_contemplation,
          enter_ossuary_3

Skill      XL: |  1  2  3  4  5  6  7  8  9 10 |
---------------+-------------------------------+-----
Invocations    | 1 2 3 4 5 6 |  6.0
Short Blades   | 1 2 3 4 5 |  5.4
Axes           | 1 2 3 4 5 |  5.4
Maces & Flails | 1 2 3 4 5 |  5.4
Polearms       | 1 2 3 4 5 |  5.4
Staves         | 1 2 3 4 5 |  5.4
Slings         | 1 2 3 4 5 |  5.4
Bows           | 1 2 3 4 5 |  5.4
Crossbows      | 1 2 3 4 5 |  5.4
Armour         | 1 2 3 4 5 |  5.4
Stealth        | 1 2 3 4 5 |  5.4
Shields        | 1 2 3 4 5 |  5.4
Unarmed Combat | 1 2 3 4 5 |  5.4
Spellcasting   | 1 2 3 4 5 |  5.4
Evocations     | 1 2 3 4 5 |  5.4
Conjurations   | 1 2 3 4 |  4.5
Hexes          | 1 2 3 4 |  4.5
Summonings     | 1 2 3 4 |  4.5
Necromancy     | 1 2 3 4 |  4.5
Translocations | 1 2 3 4 |  4.5
Transmutations | 1 2 3 4 |  4.5
Fire Magic     | 1 2 3 4 |  4.5
Ice Magic      | 1 2 3 4 |  4.5
Air Magic      | 1 2 3 4 |  4.5
Earth Magic    | 1 2 3 4 |  4.5
Poison Magic   | 1 2 3 4 |  4.5
Fighting       | 5 6 7 |  7.2
Throwing       | 5 6 7 |  7.2
Long Blades    | 7 8 |  8.6
Dodging        | 7 8 |  8.6

Action                   |  1- 3 |  4- 6 |  7- 9 | 10-12 || total
-------------------------+-------+-------+-------+-------++-------
Melee: Long sword        |    82 |   201 |   230 |   298 ||   811
       Bite              |     6 |    28 |    42 |    59 ||   135
       Punch             |     1 |       |       |       ||     1
       Unarmed           |       |       |     2 |       ||     2
       Mace              |       |       |    30 |       ||    30
Throw: Throwing net      |       |       |     4 |       ||     4
Evoke: Wand              |       |       |     9 |       ||     9
  Use: Scroll            |     3 |     7 |       |       ||    10
       Potion            |       |       |       |     1 ||     1
 Stab: Distracted        |       |     1 |     2 |       ||     3
       Sleeping          |       |     1 |     3 |    16 ||    20
       Held in net/web   |       |       |     4 |       ||     4
Armor: Ring mail         |    23 |    61 |    39 |       ||   123
       Swamp dragon scal |       |       |    24 |    55 ||    79
Dodge: Dodged            |    49 |   132 |   143 |   125 ||   449
Block: Kite shield       |       |    84 |   208 |   194 ||   486
       Rpst.: Long sword |    12 |    46 |    28 |    36 ||   122

Table legend: (Time is in decaauts)
 A = Elapsed time spent in this place.
 B = Non-inter-level travel time spent in this place.
 C = Inter-level travel time spent in this place.
 D = Time resting spent in this place.
 E = Time spent auto-exploring this place.
 F = Levels seen in this place.
 G = Mean time per level.
                   A        B        C        D        E       F      G
               +--------+--------+--------+--------+--------+-----+--------+
         Total |   8649 |   8384 |    265 |    347 |   5686 |  10 |  864.9 |
       Dungeon |   7702 |   7437 |    265 |    347 |   5067 |   8 |  962.8 |
         Sewer |    519 |    519 |      0 |      0 |    381 |   1 |  519.0 |
       Ossuary |    427 |    427 |      0 |      0 |    237 |   1 |  427.0 |
               +--------+--------+--------+--------+--------+-----+--------+

Top non-repeatable levels by time:
     D:5: 1243 daAuts
     D:4: 1172 daAuts
     D:7: 1058 daAuts
     D:6: 1040 daAuts
     D:8: 884 daAuts
     D:2: 787 daAuts
     D:1: 772 daAuts
     D:3: 743 daAuts
   Sewer: 519 daAuts
 Ossuary: 427 daAuts
